 Dungeon Crawl Stone Soup version 0.29-a0-542-g075992c915 (webtiles) character file.

Game seed: 10692651372080824094

584 spiderkeys the Agent of Entropy (level 7, 0/60 HPs)
             Began as a Meteoran Abyssal Knight on June 5, 2022.
             Was a Priest of Lugonu.
             Slain by a kobold brigand
             ... wielding a +0 dagger
              (3 damage)
             ... in a sewer.
             The game lasted 00:09:59 (1598 turns).

spiderkeys the Agent of Entropy (MeAK)              Turns: 1598, Time: 00:10:00

Health: 0/60       AC:  6    Str: 15    XL:     7   Next: 96%
Magic:  12/12      EV: 12    Int: 14    God:    Lugonu [***...]
Gold:   96         SH:  0    Dex: 14    Spells: 9/12 levels left

rFire   + . .      SeeInvis .   l - +3 scythe
rCold   + . .      Faith    .   (shield currently unavailable)
rNeg    . . .      Spirit   .   f - +0 ring mail
rPois   +          Reflect  .   (no helmet)
rElec   +          Harm     .   (no cloak)
rCorr   +          Rampage  .   k - +0 pair of gloves
Will    .....                   (no boots)
Stlth   +.........              (no amulet)
HPRegen 0.20/turn               R - ring of resist corrosion
MPRegen 0.13/turn               (no ring)

@: lethally poisoned (0 -> -6), resistant, hasted, glowing, very quick
A: sense surroundings 1, otherworldly, glowing, explore regen
a: Renounce Religion, Depart the Abyss, Bend Space, Banish


You were in a sewer.
You worshipped Lugonu.
Lugonu was most pleased with you.
You visited 1 branch of the dungeon, and saw 4 of its levels.
You visited the Abyss 1 time.
You also visited: Sewer.

You collected 96 gold pieces.


Innate Abilities, Weirdness & Mutations

You passively map a small area around you.
You are easily found by Zot.
You glow in the dark.
You regain HP and MP as you explore.


   Skills:
 + Level 4.9 Fighting
 + Level 4.7 Polearms
 - Level 2.4 Armour
 + Level 4.1 Dodging
 - Level 3.2 Spellcasting
 + Level 1.8 Translocations
 + Level 5.0 Invocations


You had 9 spell levels left.
You knew the following spells:

 Your Spells              Type           Power      Damage    Failure   Level
l - Lesser Beckoning      Tloc           7%         N/A       50%         3

Your spell library contained the following spells:

 Spells                   Type           Power      Damage    Failure   Level
 Blink                    Tloc           14%        N/A       28%         2
 Summon Small Mammal      Summ           8%         N/A       38%         1
 Gell's Gravitas          Tloc           7%         N/A       50%         3
 Teleport Other           Tloc           7%         N/A       50%         3
 Static Discharge         Conj/Air       2%         N/A       52%         2
 Call Canine Familiar     Summ           2%         N/A       77%         3
 Summon Guardian Golem    Hex/Summ       2%         N/A       77%         3
 Dispel Undead            Necr           2%         3d7       99%         4
 Sticky Flame             Conj/Fire      2%         2d3       99%         4
 Manifold Assault         Tloc           7%         N/A       99%         5
 Dispersal                Tloc           3%         N/A       100%        6
 Storm Form               Tmut/Air       1%         N/A       100%        7

Inventory:

Hand Weapons
 a - a +1 spear
 l - a +3 scythe (weapon)
   (You took it off Sigmund on level 2 of the Dungeon)
Missiles
 j - 38 stones
 u - a throwing net {=f!f}
Armour
 b - a +0 leather armour
 d - a +0 robe
   (You took it off Sigmund on level 2 of the Dungeon)
 f - a +0 ring mail (worn)
   (You found it on level 1 of the Dungeon)
 k - a +0 pair of gloves (worn)
   (You found it on level 2 of the Dungeon)
 m - a +0 robe
   (You took it off an orc wizard on level 3 of the Dungeon)
 r - a +0 robe
   (You took it off Jessica on level 3 of the Dungeon)
 s - a +0 leather armour
   (You took it off an orc on level 3 of the Dungeon)
 w - a +1 pair of gloves
   (You found it on level 4 of the Dungeon)
Jewellery
 R - a ring of resist corrosion (left hand)
   (You found it on level 2 of the Dungeon)
Wands
 h - a wand of digging (3)
   (You took it off Sigmund on level 2 of the Dungeon)
Scrolls
 c - a scroll of immolation {!r!r}
 e - a scroll of enchant armour {unknown}
 g - a scroll of vulnerability {unknown}
 i - a scroll of noise {!r}
 n - a scroll of brand weapon
 o - 2 scrolls of amnesia {unknown}
 p - a scroll of enchant weapon {unknown}
 q - a scroll of teleportation {@r4}
 v - a scroll of identify {@r1}

Dungeon Overview and Level Annotations

Branches:
Dungeon (4/15)              Sewer (1/1)
 Temple: D:4-7

Altars:
Ashenzari

Annotations:
D:3 2 transporters, oldriver's ghost, weakling PaDe

#≈
≈≈≈≈≈≈≈≈≈≈≈≈≈≈≈≈≈≈≈≈≈≈
#≈
≈≈≈≈≈≈≈≈≈≈≈≈≈≈≈≈≈≈≈≈≈≈ #
≈ ≈≈≈≈≈≈≈≈≈≈≈≈≈≈≈≈≈≈≈≈≈.
* ≈≈≈≈≈≈≈≈≈≈≈≈≈##.≈≈.≈..
≈≈≈≈≈≈≈≈####........ # #
#≈≈≈≈..##.....##..
#!!#.,#≈.....†......###.
#....K#K....†......## ..
#..KKK@.....####.......
#....K#K...### ##.....#
#!!#.,###### ####### # #
* *


You could see 3 kobold brigands and 4 kobolds.


Message History

😨 HP[+1] 😮 HP[+2]
You regained 2 hp, and now have 32/60 hp. 😮 HP[+1] 😮 HP[+1] 😮 HP[+2]
You regained 2 hp, and now have 36/60 hp.
A ball python comes into view.
The ball python hisses angrily. 😮 HP[+2]
You regained 2 hp, and now have 38/60 hp.
A river rat comes into view. 😮 HP[+2]
You regained 2 hp, and now have 40/60 hp. 😮 HP[+3]
You regained 3 hp, and now have 43/60 hp.
You slash the ball python!
You kill the ball python!
Lugonu accepts your kill.
The river rat bites you but does no damage.
You see here a ball python corpse. 😮 HP[+1]
You closely miss the river rat. The river rat bites you. 😮 HP[-6]
You take 6 damage, and now have 38/60 hp.
You slash the river rat!
You kill the river rat!
Lugonu accepts your kill.
You see here a river rat corpse. 😮 HP[+1] 😮 HP[+1]
You open the door. 5 kobolds and 3 kobold brigands come into view.
A kobold brigand is wielding a +0 dagger and quivering poisoned darts.
A kobold brigand is wielding a +0 dagger and quivering poisoned darts.
A kobold brigand is wielding a +0 dagger and quivering poisoned darts.
The kobold shouts! x2; The kobold brigand shouts!
The kobold shouts!
The kobold brigand shouts!
The kobold brigand throws a poisoned dart.
The poisoned dart hits you!
You are poisoned. 😮 HP[+5]
You regained 5 hp, and now have 45/60 hp.
Reach: l) +3 scythe
Press: ? - help, Dir - move target, f - kobold brigand
Aim: a kobold brigand, wielding a +0 dagger and quivering poisoned darts (about 49% to evade your +3 scythe)
You reach to attack!
You slash the kobold brigand!
You feel very sick.
The kobold brigand throws a poisoned dart.
The poisoned dart hits you!
You are more poisoned. 😮 HP[-4]
You take 4 damage, and now have 41/60 hp.
As you read the scroll labelled NIXTUGR OTUNE, it crumbles to dust.
You feel strangely unstable.
It was a scroll of teleportation.
You feel very sick.
The kobold brigand hits you with a +0 dagger.
The kobold brigand throws a poisoned dart.
The poisoned dart hits you!
You are more poisoned. 😮 HP[-6]
You take 6 damage, and now have 35/60 hp.
Okay, then.
It was a potion of cancellation.
You feel strangely stable.
You feel magically purged.
You feel very sick.
The kobold brigand hits you with a +0 dagger.
* * * LOW HITPOINT WARNING * * *
😨 HP[-9]
You take 9 damage, and now have 26/60 hp.
It was a potion of resistance.
You feel protected.
You feel very sick.
The kobold brigand hits you with a +0 dagger.
* * * LOW HITPOINT WARNING * * *
😨 HP[-6]
You take 6 damage, and now have 20/60 hp.
It was a potion of haste.
You feel yourself speed up.
You feel very sick.
The kobold brigand closely misses you. 😨 HP[-3]
You take 3 damage, and now have 17/60 hp.
You aren't carrying any potions.
Unknown command.
Okay, then.
You closely miss the kobold brigand.
You feel very sick.
The kobold brigand hits you with a +0 dagger!
* * * LOW HITPOINT WARNING * * *
The kobold brigand hits you with a +0 dagger.
* * * LOW HITPOINT WARNING * * *
😱 HP[-12]
You take 12 damage, and now have 5/60 hp.
Unknown command.
You closely miss the kobold brigand.
* * * LOW HITPOINT WARNING * * *
You feel sick.
The kobold brigand hits you but does no damage.
The kobold brigand hits you with a +0 dagger.
You die...

Skill      XL: |  1  2  3  4  5  6  7 |
---------------+----------------------+-----
Spellcasting   | 1 2 3 |  3.2
Fighting       | 4 |  4.9
Polearms       | 3 4 |  4.7
Dodging        | 3 4 |  4.1
Invocations    | 3 4 5 |  5.0
Translocations | 1 |  1.8
Armour         | |  2.4

Action                   |  1- 3 |  4- 6 |  7- 9 || total
-------------------------+-------+-------+-------++-------
Melee: Spear             |    71 |       |       ||    71
       Scythe            |       |    48 |    72 ||   120
  Use: Potion            |     2 |     1 |     4 ||     7
       Scroll            |       |     3 |     1 ||     4
Armor: Ring mail         |    13 |    33 |   100 ||   146
       Skin              |       |       |    29 ||    29
Dodge: Dodged            |    15 |    26 |    70 ||   111

Levels and vault maps discovered:
D:1:      mrwooster_arrival_statue, layout_basic, ebering_ecumenical_altar_box
D:2:      minmay_spotlight, layout_basic, minmay_tromino_mix6, uniq_sigmund
D:3:      layout_basic, gammafunk_ghost_stat_death, nicolae_wormholes,
          uniq_terence, uniq_jessica
D:4:      layout_rooms, mainiacjoe_overflow_alcove_1, fiery_altar_vehumet,
          minmay_temple_entry_butterflies, gammafunk_ghost_split,
          gup_sewer_entry_bowl, grunt_decor_mini_mirrors, uniq_edmund
Sewer:    sewer_minmay_treatment

Notes
Turn   | Place    | Note
-------+----------+-------------------------------------------
     0 | Abyss:1  | spiderkeys the Meteoran Abyssal Knight began the quest for
                  | the Orb.
     0 | Abyss:1  | Reached XP level 1. HP: 19/19 MP: 3/3
     0 | Abyss:1  | magus.rc [v1.11.3]
    21 | Abyss:1  | Found a corrupted altar of Lugonu.
    41 | Abyss:1  | Found a corrupted altar of Lugonu.
    55 | D:1      | You pass through the gate.
    55 | D:1      | Escaped the Abyss
   101 | D:1      | Found a faded altar of an unknown god.
   134 | D:1      | Reached XP level 2. HP: 26/26 MP: 4/4
   497 | D:2      | Reached skill level 1 in Spellcasting
   497 | D:2      | Reached XP level 3. HP: 31/31 MP: 6/6
   520 | D:2      | HP: 2/31 [worm (9)]
   675 | D:2      | Noticed Sigmund
   683 | D:2      | Killed Sigmund
   684 | D:2      | Reached skill level 4 in Fighting
   684 | D:2      | Reached skill level 3 in Polearms
   684 | D:2      | Reached skill level 3 in Dodging
   684 | D:2      | Reached skill level 2 in Spellcasting
   684 | D:2      | Reached skill level 3 in Invocations
   684 | D:2      | Reached XP level 4. HP: 13/40 MP: 6/8
   684 | D:2      | Reached XP level 5. HP: 15/46 MP: 6/9
   684 | D:2      | Reached XP level 6. HP: 17/52 MP: 6/10
   773 | D:2      | Reached *** piety under Lugonu
   791 | D:2      | You pick up a book of Callings and begin reading...
   791 | D:2      | You add the spells Summon Small Mammal, Call Canine
                  | Familiar and Summon Guardian Golem to your library.
   865 | D:2      | You add the spells Blink, Manifold Assault and Storm Form
                  | to your library.
   991 | D:3      | Found a transporter.
   997 | D:3      | Noticed oldriver's ghost (weakling PaDe)
  1006 | D:3      | You add the spells Gell's Gravitas, Teleport Other and
                  | Dispersal to your library.
  1024 | D:3      | Reached skill level 4 in Invocations
  1038 | D:3      | Found a transporter.
  1063 | D:3      | You pick up a book of Touch and begin reading...
  1063 | D:3      | You add the spells Static Discharge, Sticky Flame and
                  | Dispel Undead to your library.
  1102 | D:3      | Noticed Jessica
  1108 | D:3      | Killed Jessica
  1109 | D:3      | Reached skill level 4 in Polearms
  1140 | D:3      | Reached skill level 3 in Spellcasting
  1140 | D:3      | HP: 13/53 [orc priest/+0 trident (5)]
  1142 | D:3      | HP: 2/53 [orc priest/+0 trident (7)]
  1148 | D:3      | Reached XP level 7. HP: 9/60 MP: 12/12
  1159 | D:3      | Noticed Terence
  1166 | D:3      | Killed Terence
  1265 | D:4      | You pick up a book of Displacement and begin reading...
  1277 | D:4      | Learned a level 3 spell: Lesser Beckoning
  1392 | D:4      | Found a broken altar of Ashenzari.
  1417 | D:4      | Noticed Edmund
  1431 | D:4      | Killed Edmund
  1432 | D:4      | Reached skill level 1 in Translocations
  1473 | D:4      | Found a glowing drain.
  1477 | Sewer    | Entered a sewer
  1509 | Sewer    | Reached skill level 4 in Dodging
  1509 | Sewer    | Reached skill level 5 in Invocations
  1597 | Sewer    | HP: 14/60 [poisoned by a kobold brigand]
  1597 | Sewer    | HP: 5/60 [kobold brigand/+0 dagger (2)]
  1598 | Sewer    | Slain by a kobold brigand

Vanquished Creatures
  Sigmund (D:2)
  Edmund (D:4)
  A scorpion (D:4)
  An orc priest (D:3)
  Terence (D:3)
  Jessica (D:3)
  An iguana (D:3)
  An orc wizard (D:3)
  5 river rats (Sewer)
  A shadow imp (D:3)
  An ufetubus (D:4)
  A worm (D:2)
  A dart slug (D:4)
  2 orcs (D:3)
  9 ball pythons
  3 bats
  4 endoplasms
  3 giant cockroaches
  4 goblins
  3 hobgoblins
  5 quokkas
  6 frilled lizards
  5 kobolds
  12 rats
73 creatures vanquished.

Table legend:
 A = Non-vault XP
 B = Vault XP
 C = Vault XP percentage of total XP
 D = Non-vault monster count
 E = Vault monster count
 F = Vault count percentage of total count
                 A         B        C        D         E       F
            +---------+---------+-------+---------+---------+-------
      Total |     281 |     554 |  66.3 |      43 |      30 |  41.1
            +---------+---------+-------+---------+---------+-------
        D:1 |      19 |       0 |   0.0 |      13 |       0 |   0.0
        D:2 |      23 |     232 |  91.0 |      12 |       7 |  36.8
        D:3 |     141 |      75 |  34.7 |      13 |       2 |  13.3
        D:4 |      98 |     163 |  62.5 |       5 |       4 |  44.4
      Sewer |       0 |      84 | 100.0 |       0 |      17 | 100.0
            +---------+---------+-------+---------+---------+-------

Illustrated notes

Table legend:
 A = Kills in this place as a percentage of kills in entire the game.
 B = Kills by you in this place as a percentage of kills by you in the entire game.
 C = Kills by friends in this place as a percentage of kills by friends in the entire game.
 D = Other kills in this place as a percentage of other kills in the entire game.
 E = Experience gained in this place as a percentage of experience gained in the entire game.
 F = Experience gained in this place divided by the number of levels of this place that you have seen.
                   A       B       C       D       E      F
               +-------+-------+-------+-------+-------+----------------------
         Total | 100.0 | 100.0 |   N/A |   N/A | 100.0 | 139.2
       Dungeon |  76.7 |  76.7 |   N/A |   N/A |  89.9 | 187.8
         Sewer |  23.3 |  23.3 |   N/A |   N/A |  10.1 |  84.0
               +-------+-------+-------+-------+-------+----------------------

Table legend: (Time is in decaauts)
 A = Elapsed time spent in this place.
 B = Non-inter-level travel time spent in this place.
 C = Inter-level travel time spent in this place.
 D = Time resting spent in this place.
 E = Time spent auto-exploring this place.
 F = Levels seen in this place.
 G = Mean time per level.
                   A        B        C        D        E       F      G
               +--------+--------+--------+--------+--------+-----+--------+
         Total |   1695 |   1628 |     67 |      0 |      0 |   6 |  282.5 |
       Dungeon |   1490 |   1423 |     67 |      0 |      0 |   4 |  372.5 |
         Abyss |     55 |     55 |      0 |      0 |      0 |   1 |   55.0 |
         Sewer |    150 |    150 |      0 |      0 |      0 |   1 |  150.0 |
               +--------+--------+--------+--------+--------+-----+--------+

Top non-repeatable levels by time:
     D:2: 435 daAuts
     D:3: 408 daAuts
     D:1: 402 daAuts
     D:4: 243 daAuts
   Sewer: 150 daAuts
 Abyss:1: 55 daAuts
